 Dungeon Crawl Stone Soup version 0.28.0 (webtiles) character file.

Game seed: 13211447394724258124

534 Sanktem7 the Covered (level 7, -5/61 HPs)
             Began as a Minotaur Fighter on Feb 10, 2022.
             Was an Initiate of Okawaru.
             Slain by a two-headed ogre (22 damage)
             ... on level 4 of the Dungeon.
             The game lasted 00:13:10 (2994 turns).

Sanktem7 the Covered (Minotaur Fighter)             Turns: 2994, Time: 00:13:10

Health: -5/61      AC:  8    Str: 22    XL:     7   Next: 4%
Magic:  6/6        EV:  9    Int:  9    God:    Okawaru [......]
Gold:   215        SH:  4    Dex: 10    Spells: 6/6 levels left

rFire   . . .      SeeInvis .   n - +9 falchion of the Fool {freeze, rC+ Int+4}
rCold   + . .      Faith    .   c - +0 buckler
rNeg    . . .      Spirit   .   b - +1 scale mail
rPois   .          Reflect  .   (helmet restricted)
rElec   .          Harm     .   (no cloak)
rCorr   .          Rampage  .   (no gloves)
Will    .....                   (no boots)
Stlth   ..........              (no amulet)
HPRegen 0.20/turn               (no ring)
MPRegen 0.10/turn               (no ring)

@: no status effects
A: horns 2, retaliatory headbutt
a: Renounce Religion


You were on level 4 of the Dungeon.
You worshipped Okawaru.
Okawaru was noncommittal.
You visited 2 branches of the dungeon, and saw 5 of its levels.

You collected 215 gold pieces.

Inventory:

Hand Weapons
 a - a +0 long sword
 n - the +9 falchion of the Fool (weapon) {freeze, rC+ Int+4}
   (You acquired it on level 4 of the Dungeon)

   It freezes those it strikes, dealing additional cold damage.
   It can also slow down cold-blooded creatures.
   Int:       It affects your intelligence (+4).
   rC:        It protects you from cold.
Armour
 b - a +1 scale mail (worn)
 c - a +0 buckler (worn)
Scrolls
 g - 2 scrolls of teleportation
 l - a scroll of enchant armour
 o - a scroll of fear
Potions
 d - 2 potions of might
 e - 2 potions of curing
 f - a potion of attraction {unknown}
 h - a potion of lignification {unknown}
 i - a potion of invisibility {unknown}
 j - a potion of degeneration {unknown}
 k - 2 potions of heal wounds {unknown}
 m - a potion of cancellation {unknown}


   Skills:
 * Level 5.5 Fighting
 * Level 6.2 Long Blades
 * Level 6.2 Armour
 + Level 1.2 Dodging
 - Level 3.6 Shields


You had 6 spell levels left.
You didn't know any spells.
Your spell library was empty.

Dungeon Overview and Level Annotations

Branches:
Dungeon (4/15)             Temple (1/1) D:4

Altars:
Cheibriados
Dithmenos
Elyvilon
Fedhas
Gozag
Hepliaklqana
Kikubaaqudgha
Makhleb
Nemelex Xobeh
Okawaru
Qazlal
Ru
Trog
Vehumet
Xom
Yredelemnul
Zin
The Shining One


Innate Abilities, Weirdness & Mutations

You have a pair of horns on your head.
You reflexively headbutt those who attack you in melee.


Message History

The killer bee stings you but does no damage.
The worm bites you.
You feel very sick. You block the killer bee's attack.
You slash the killer bee! You freeze the killer bee.
You kill the killer bee!
Okawaru accepts your kill.
You feel sick.
You have reached level 7!
You slash the kobold! You freeze the kobold.
You kill the kobold!
Okawaru accepts your kill.
You feel sick.
Unknown command.
You hit the worm. You freeze the worm. You headbutt the worm!
The worm is almost dead.
You feel sick.
You hit the worm. You freeze the worm.
You kill the worm!
Okawaru accepts your kill.
You feel sick.
You hit the two-headed ogre. You freeze the two-headed ogre.
The two-headed ogre is lightly wounded.
You feel sick.
The two-headed ogre hits you with a +0 giant club!!
* * * LOW HITPOINT WARNING * * *
The two-headed ogre hits you but does no damage.
You barely miss the two-headed ogre.
Your headbutt misses the two-headed ogre.
The two-headed ogre is lightly wounded.
You feel sick. The two-headed ogre closely misses you.
The two-headed ogre barely misses you.
You slash the two-headed ogre! You freeze the two-headed ogre.
The two-headed ogre is moderately wounded.
You feel sick.
You are no longer poisoned.
You slash the two-headed ogre! You freeze the two-headed ogre.
The two-headed ogre is severely wounded.
The two-headed ogre hits you with a +0 giant club!!
You die...

#.....# #.....# #.....#
#.....## #...(..# #......#
##......#### ###..........#
#...@.....##.##
#....##O##....#..# ..##
#.).####....# #...#..###..#
#...#..#.##.# ..# .
#...#..#.)'.# ..# ..##
#...#..#.##.# ..# ..###
#...#))###..#
..######...##+#$)(#)##...##


You could see a two-headed ogre.

Vanquished Creatures
  A necrophage (D:4)
  A scorpion (D:4)
  A killer bee (D:4)
  A hound (D:4)
  A jelly (D:4)
  An orc priest (D:4)
  A bullfrog skeleton (D:4)
  An iguana (D:4)
  An orc wizard (D:4)
  Robin (D:4)
  5 gnolls
  2 adders
  An adder skeleton (D:4)
  5 worms
  2 dart slugs
  4 orcs (D:4)
  9 endoplasms
  3 giant cockroaches
  9 goblins
  5 hobgoblins
  13 kobolds
  2 quokkas (D:1)
  5 ball pythons
  9 bats
  2 frilled lizards (D:2)
  3 rats
89 creatures vanquished.

Notes
Turn   | Place    | Note
-------+----------+-------------------------------------------
     0 | D:1      | Sanktem7 the Minotaur Fighter began the quest for the Orb.
     0 | D:1      | Reached XP level 1. HP: 19/19 MP: 0/0
   132 | D:1      | Reached XP level 2. HP: 25/27 MP: 1/1
   467 | D:1      | Found a faded altar of an unknown god.
   623 | D:2      | Reached XP level 3. HP: 22/34 MP: 2/2
   898 | D:2      | Reached XP level 4. HP: 41/41 MP: 3/3
  1983 | D:4      | Noticed a scorpion
  1991 | D:4      | Killed a scorpion
  1992 | D:4      | Reached skill level 5 in Fighting
  1992 | D:4      | Reached skill level 5 in Armour
  1992 | D:4      | Reached XP level 5. HP: 27/48 MP: 4/4
  2186 | D:4      | Noticed a necrophage
  2204 | D:4      | Killed a necrophage
  2205 | D:4      | Reached skill level 5 in Long Blades
  2205 | D:4      | Reached XP level 6. HP: 42/56 MP: 5/5
  2361 | D:4      | Reached skill level 1 in Dodging
  2364 | D:4      | Identified a scroll of acquirement
  2364 | D:4      | Acquired the +9 falchion of the Fool {freeze, rC+ Int+4}
  2489 | D:4      | Found a staircase to the Ecumenical Temple.
  2503 | Temple   | Entered the Ecumenical Temple
  2666 | Temple   | Became a worshipper of Warmaster Okawaru
  2917 | D:4      | Noticed Robin
  2920 | D:4      | Killed Robin
  2981 | D:4      | Noticed a two-headed ogre
  2988 | D:4      | Reached XP level 7. HP: 44/61 MP: 6/6
  2994 | D:4      | Slain by a two-headed ogre

Illustrated notes

Levels and vault maps discovered:
D:1:      psy_arrival_heroes, layout_basic, shapermc_ecumenical_altar_hornbeckon
D:2:      wander_river, layout_basic, corexii_corridor_pit
D:3:      layout_loops_ring
D:4:      layout_gridville, grunt_ashenzari_visionary
          [grunt_ashenzari_visionary_shoals, grunt_ashenzari_visionary_snake],
          general_overflow_altar, minmay_temple_entry_trees,
          minmay_divided_ellipse, uniq_robin
Temple:   regret_index_temple_mists

Skill      XL: |  1  2  3  4  5  6 |
---------------+-------------------+-----
Armour         | 4 5 6 |  6.2
Fighting       | 4 5 |  5.5
Long Blades    | 3 4 5 6 |  6.2
Dodging        | 1 |  1.2
Shields        | |  3.6

Action                   |  1- 3 |  4- 6 |  7- 9 || total
-------------------------+-------+-------+-------++-------
Melee: Long sword        |    62 |    96 |       ||   158
       Headbutt          |     8 |    14 |     1 ||    23
       Falchion          |       |    35 |     7 ||    42
  Use: Scroll            |     2 |     3 |       ||     5
Armor: Scale mail        |    42 |    63 |     1 ||   106
Dodge: Dodged            |    30 |    64 |     2 ||    96
Block: Buckler           |    23 |    39 |       ||    62
